 Dungeon Crawl Stone Soup version 0.20-a0-495-g2241292 (webtiles) character file.

111 removeelyvilon the Chopper (level 4, 0/40 HPs)
             Began as a Hill Orc Monk on Jan 18, 2017.
             Succumbed to an orc's poison
             ... on level 2 of the Dungeon.
             The game lasted 00:02:53 (2329 turns).

removeelyvilon the Chopper (Hill Orc Monk)          Turns: 2329, Time: 00:02:53

Health: 0/40       AC:  8    Str: 12    XL:     4   Next: 92%
Magic:  4/4        EV:  6    Int: 10    God:
Gold:   73         SH:  0    Dex: 13    Spells: 3/3 levels left

rFire    . . .     SeeInvis .   a - +0 hand axe
rCold    . . .     Gourm    .   d - +0 chain mail
rNeg     . . .     Faith    .   (no shield)
rPois    .         Spirit   .   (no helmet)
rElec    .         Reflect  .   (no cloak)
rCorr    .         Harm     .   (no gloves)
MR       +....                  (no boots)
Stlth    ..........             (no amulet)
Regen    0.2/turn               (no ring)
                                (no ring)

@: lethally poisoned (0 -> -41)
A: magic resistance 1, screaming 1, weak 1
a: no special abilities


You were on level 2 of the Dungeon.
You were hungry.

You visited 1 branch of the dungeon, and saw 3 of its levels.

You collected 73 gold pieces.

Inventory:

Hand Weapons
 a - a +0 hand axe (weapon)
Armour
 d - a +0 chain mail (worn)
Scrolls
 h - a scroll of fear {unknown}
 k - a scroll of identify {unknown}
Potions
 e - a potion of heal wounds {unknown}
 j - a potion of cure mutation {unknown}
Comestibles
 b - a beef jerky
 c - 2 bread rations
 g - a meat ration


   Skills:
 + Level 3.8 Fighting
 * Level 6.5 Axes
 - Level 2.0 Armour
 - Level 2.4 Dodging
 - Level 1.5 Stealth


You had 3 spell levels left.
You didn't know any spells.

Dungeon Overview and Level Annotations

Branches:
Dungeon (3/15)

Altars:

Annotations:
D:3 Robin, Sigmund


Innate Abilities, Weirdness & Mutations

You are resistant to hostile enchantments. (MR+)
You occasionally shout uncontrollably at your foes.
You are weak. (Str -2)


Message History

* * * LOW HITPOINT WARNING * * *
You are more poisoned.
The orc hits you with a whip.
* * * LOW HITPOINT WARNING * * *
The hobgoblin barely misses you.
Unknown command.
You closely miss the hobgoblin.
The hobgoblin is heavily wounded.
You hit the orc. You hit the orc but do no damage.
* * * LOW HITPOINT WARNING * * *
You feel very sick. The orc hits you but does no damage.
You are more poisoned.
The orc hits you but does no damage. The hobgoblin hits you.
* * * LOW HITPOINT WARNING * * *
Unknown command.
It was a potion of mutation.
You feel extremely strange.
You feel resistant to hostile enchantments.
You feel the urge to shout.
You feel weaker.
You die...

.# #.# ######....##
#.##.... .#
#.###.......#..# #.######
.### #..#..#####.##.## #.#
# ...###....## #.....# #.#
.#......### #####.### #.#
#....#....## #...# #.# #
#.######...#######
#...###.###### ...##
#.......go#####...........
....## ##.######@)#
##.....###### .....# #.#
##o###.......##### .....#
#.# #.##..###..<....#
.....# #.#
#......<......... .<...#
#.# #....#####...##..
.(...####.#######.####
#......#
..................#
##..##..
....#####.#########
##.###. .....####..#
#.####


You could see 2 orcs and a hobgoblin.

Vanquished Creatures
  5 adders
  3 worms (D:2)
  3 dart slugs (D:1)
  2 leopard geckos
  2 orcs
  A ball python (D:2)
  3 bats
  4 giant cockroaches
  5 goblins
  2 hobgoblins
  4 jackals (D:1)
  2 frilled lizards (D:2)
  5 kobolds
  9 rats
50 creatures vanquished.

Notes
Turn   | Place    | Note
-------+----------+-------------------------------------------
     0 | D:1      | removeelyvilon the Hill Orc Monk began the quest for the Orb.
     0 | D:1      | Reached XP level 1. HP: 19/19 MP: 1/1
   159 | D:1      | Reached XP level 2. HP: 22/26 MP: 2/2
   398 | D:1      | Reached skill level 5 in Axes
   449 | D:1      | Reached skill level 1 in Armour
   450 | D:1      | Reached XP level 3. HP: 27/31 MP: 3/3
  1151 | D:2      | Reached XP level 4. HP: 39/39 MP: 4/4
  1586 | D:2      | Reached skill level 6 in Axes
  2309 | D:3      | Noticed Sigmund
  2315 | D:3      | Noticed Robin
  2329 | D:2      | Gained mutation: You are resistant to hostile enchantments. (MR+) [potion of mutation]
  2329 | D:2      | Gained mutation: You occasionally shout uncontrollably at your foes. [potion of mutation]
  2329 | D:2      | Gained mutation: You are weak. (Str -2) [potion of mutation]
  2329 | D:2      | Succumbed to an orc's poison

Vault maps used:
D:1:      ncdulo_lavacross, glass_columns_c
D:2:      first_bread
D:3:      chequers_ecumenical_altar_simple, minmay_misc_feat_cross,
          uniq_sigmund, uniq_natasha, uniq_robin, uniq_jessica

Skill      XL: |  1  2  3  4 |
---------------+-------------+-----
Axes           | 5 6 |  6.5
Armour         | 1 2 |  2.0
Fighting       | |  3.8
Dodging        | |  2.4
Stealth        | |  1.5

Action                   |  1- 3 |  4- 6 || total
-------------------------+-------+-------++-------
Melee: Hand axe          |    97 |   114 ||   211
  Use: Potion            |       |     2 ||     2
 Stab: Sleeping          |     1 |       ||     1
  Eat: Chunk             |     1 |     3 ||     4
Armor: Robe              |     2 |       ||     2
       Chain mail        |    54 |    55 ||   109
Dodge: Dodged            |    39 |    49 ||    88
